 Dungeon Crawl Stone Soup version 0.31-a0-198-g2ad674f65e (webtiles) character file.

Game seed: 1875875707223876352

104 Zonian the Chiller (level 4, -3/36 HPs)
             Began as a Deep Elf Ice Elementalist on June 25, 2023.
             Slain by Sigmund
             ... wielding a +1 scythe of flaming
              (10 damage)
             ... on level 3 of the Dungeon.
             The game lasted 00:14:04 (3212 turns).

Zonian the Chiller (Deep Elf Ice Elementalist)      Turns: 3212, Time: 00:14:04

Health: -3/36      AC:  3    Str:  5    XL:     4   Next: 52%
Magic:  9/12       EV: 13    Int: 22    God:
Gold:   230        SH:  0    Dex: 15    Spells: 2/11 levels left

rFire   x . .        x - +2 dagger (drain)
rCold   + . .        (no shield)
rNeg    . . .        a - +1 robe
rPois   .            (no helmet)
rElec   .            y - scarf {repulsion}
rCorr   .            (no gloves)
SInv    .            (no boots)
Will    .....        (no amulet) Stlth
                     z - ring of ice
HPRegen 0.26/turn    (no ring)
MPRegen 0.13/turn

%: repel missiles
@: berserking, very quick
A: no striking features
a: no special abilities


You were on level 3 of the Dungeon.
You visited 1 branch of the dungeon, and saw 3 of its levels.

You collected 230 gold pieces.

Inventory:

Hand Weapons
 j - a +0 dagger
 v - a +0 short sword
 x - a +2 dagger of draining (weapon)
Missiles
 e - a throwing net
Armour
 a - a +1 robe (worn)
 h - a +0 leather armour
 l - a +0 scale mail
 y - a scarf of repulsion (worn)
Jewellery
 q - an amulet of faith
 z - a ring of ice (left hand)
Scrolls
 g - a scroll of blinking
 r - a scroll of revelation
Potions
 b - a potion of magic
 c - a potion of brilliance
 d - a potion of attraction {unknown}
 f - a potion of ambrosia
 i - 2 potions of enlightenment
 m - a potion of mutation
 s - a potion of cancellation


   Skills:
 + Level 3.5 Dodging
 + Level 3.7 Stealth
 + Level 4.1 Spellcasting
 + Level 5.0 Ice Magic


You had 2 spell levels left.
You knew the following spells:

 Your Spells              Type           Power      Damage    Failure   Level
a - Freeze                Ice            100%       1d10      1%          1
b - Frozen Ramparts       Ice            80%        1d13      4%          3
c - Ensorcelled Hibernat  Hex/Ice        46%        N/A       6%          2
d - Ozocubu's Armour      Ice            40%        N/A       4%          3

Your spell library contained the following spells:

 Spells                   Type           Power      Damage    Failure   Level
 Passwall                 Tmut/Erth      3%         N/A       17%         2
 Static Discharge         Conj/Air       8%         2-3/arc   17%         2
 Swiftness                Air            4%         N/A       32%         3
 Vhi's Electric Charge    Tloc/Air       8%         N/A       32%         3
 Summon Ice Beast         Ice/Summ       23%        N/A       36%         4
 Airstrike                Air            2%         2d(1-17)  73%         4
 Summon Lightning Spire   Summ/Air       4%         N/A       73%         4
 Metabolic Englaciation   Hex/Ice        11%        N/A       73%         5
 Arcjolt                  Conj/Air       2%         1d12      97%         5
 Simulacrum               Ice/Necr       11%        N/A       99%         6
 Plasma Beam              Fire/Air       2%         2x1d12    100%        6


Dungeon Overview and Level Annotations

Branches:
Dungeon (3/15)

Altars:
Wu Jian

Shops:
D:2 (

Annotations:
D:3 1 runed translucent door, Crazy Yiuf, Sigmund


Message History

The jackal bites you. The jackal barely misses you.
You hit the jackal.
You kill the jackal!
The jackal closely misses you.
Casting: Frozen Ramparts (quite dangerous; 4% risk of failure)
Confirm with . or Enter, or press ? or * to list all spells.
The spell is quite dangerous to miscast (4% risk of failure)!
Continue anyway?
Casting: Frozen Ramparts (quite dangerous; 4% risk of failure)
Press: ? - help, Dir - look around, f - activate You feel a surge of power!
The walls around you are covered in ice.
The wall freezes the jackal.
The jackal bites you but does no damage.
The wall freezes the orc!
You kill the orc!
The wall freezes the gnoll!
You hit the jackal.
You kill the jackal!
The wall freezes something.
The wall freezes the gnoll.
Unknown command.
A red film seems to cover your vision as you go berserk!
You feel yourself moving faster!
You feel mighty!
The wall freezes something.
The wall freezes the gnoll but does no damage.
The gnoll hits you but does no damage.
You puncture the gnoll!
You kill the gnoll!
The wall freezes something.
Something hits you! Something burns you!
* * * LOW HITPOINT WARNING * * *
Your frozen ramparts will break if you move.
Continue? [Y]es or [N]o only, please.
Your frozen ramparts will break if you move.
Continue?
Okay, then.
Your frozen ramparts will break if you move.
Continue?
The frozen ramparts melt away as you move.
Things that are here:
a +0 flail; a jackal corpse Unknown command.
You miss something. Something hits you!
You die...

.g..g.ghg.......# #####.........
,,,,,#......<#..# #......>......
<,,,,#.###.###..# #.###.........
,*,,,,,* #...{..# #.# #.......[.
,*,*,*,#######.## #.############
,*,,,*,#^.....g#####......###
,*****,#.###...#.....##.....#####
,,,,,,,#.# #.#.#.###.##.#.#.#....
*******#.# #.#.#@# #.##.#.......#
#.# #.#.#{# #.##.###.#.#.#
#.###.....# #....###.#.#.#
#.......### #######....#..
######### ########


There were no monsters in sight!

Vanquished Creatures
  2 gnolls (D:3)
  2 adders (D:3)
  A worm (D:2)
  7 orcs (D:3)
  4 endoplasms
  4 giant cockroaches
  3 goblins
  2 hobgoblins
  7 jackals
  3 quokkas
  3 ball pythons
  4 bats
  3 frilled lizards
  4 kobolds
  3 rats
52 creatures vanquished.

Notes
Turn   | Place    | Note
-------+----------+-------------------------------------------
     0 | D:1      | Zonian the Deep Elf Ice Elementalist began the quest for
                  | the Orb.
     0 | D:1      | Reached XP level 1. HP: 10/10 MP: 6/6
   127 | D:1      | You fall into a shaft and drop 1 floor!
   256 | D:2      | Found Fuber's Weapon Shop.
   268 | D:2      | Reached XP level 2. HP: 12/15 MP: 5/8
   377 | D:2      | Found an ornate altar of the Wu Jian Council.
  1056 | D:1      | Reached XP level 3. HP: 12/19 MP: 10/10
  1189 | D:1      | Learned a level 3 spell: Frozen Ramparts
  2368 | D:3      | Learned a level 2 spell: Ensorcelled Hibernation
  2372 | D:3      | Learned a level 3 spell: Ozocubu's Armour
  2425 | D:3      | Reached XP level 4. HP: 21/24 MP: 9/11
  2522 | D:3      | Noticed Sigmund
  2625 | D:3      | Reached skill level 5 in Ice Magic
  3107 | D:3      | Found a runed translucent door.
  3108 | D:3      | Noticed Crazy Yiuf
  3212 | D:3      | Slain by Sigmund

Illustrated notes

Levels and vault maps discovered:
D:1:      wander_arrival_lonely_grave, layout_loops_ring
D:2:      layout_basic, basic_altar, serial_shops, shop, minivault_14,
          guppyfry_early_lair_pool
D:3:      layout_basic, uniq_sigmund, uniq_crazy_yiuf_cottage

Skill      XL: |  1  2  3  4 |
---------------+-------------+-----
Stealth        | 3 |  3.7
Dodging        | 3 |  3.5
Spellcasting   | 4 |  4.1
Ice Magic      | 5 |  5.0

Action                     |  1- 3 |  4- 6 || total
---------------------------+-------+-------++-------
  Melee: Dagger            |    54 |    24 ||    78
  Throw: Stone             |    22 |       ||    22
   Cast: Freeze            |    27 |     3 ||    30
         Frozen Ramparts   |       |     3 ||     3
    Use: Scroll            |     9 |     7 ||    16
         Potion            |     2 |     1 ||     3
   Stab: Sleeping          |     9 |     1 ||    10
 Armour: Robe              |     6 |     5 ||    11
         Skin              |     2 |       ||     2
  Dodge: Dodged            |    38 |    23 ||    61

Table legend: (Time is in decaauts)
 A = Elapsed time spent in this place.
 B = Non-inter-level travel time spent in this place.
 C = Inter-level travel time spent in this place.
 D = Time resting spent in this place.
 E = Time spent auto-exploring this place.
 F = Levels seen in this place.
 G = Mean time per level.
                   A        B        C        D        E       F      G
               +--------+--------+--------+--------+--------+-----+--------+
         Total |   3212 |   3175 |     37 |    949 |    962 |   3 | 1070.7 |
       Dungeon |   3212 |   3175 |     37 |    949 |    962 |   3 | 1070.7 |
               +--------+--------+--------+--------+--------+-----+--------+

Top non-repeatable levels by time:
     D:3: 1656 daAuts
     D:1: 840 daAuts
     D:2: 715 daAuts
